 Dungeon Crawl Stone Soup version 0.20-a0-1122-gb7cbeb9 (webtiles) character file.

552314 EvilAshe the Slayer (level 25, -16/235 HPs)
             Began as a Centaur Monk on May 11, 2017.
             Was an Initiate of Gozag.
             Demolished by an Orb Guardian (22 damage)
             ... on level 1 of the Realm of Zot.
             The game lasted 03:57:54 (84603 turns).

EvilAshe the Slayer (Centaur Monk)                 Turns: 84603, Time: 03:57:54

Health: -16/235    AC: 20    Str: 23    XL:     25   Next: 9%
Magic:  0/27       EV: 30    Int: 10    God:    Gozag
Gold:   7814       SH: 20    Dex: 26    Spells: 12/33 levels left

rFire    + + .     SeeInvis .   a - +9 demon trident (freeze)
rCold    + . .     Gourm    .   i - +5 shield
rNeg     + + .     Faith    .   v - +4 troll leather armour of the King {rN++ Regen+ Str+3 Int-2 Dex+2}
rPois    .         Spirit   +   u - +2 helmet {Int+3}
rElec    +         Reflect  .   k - +1 cloak of Starlight {rElec rC+ EV+4 Stlth--}
rCorr    .         Harm     .   W - +2 pair of gloves {Dex+3}
MR       +....     Rnd*Rage +   (no barding)
Stlth    ..........             F - amulet of guardian spirit
Regen    0.9/turn               B - ring of protection from fire
MPRegen  0.2/turn               q - ring of fire

@: mighty, gold aura, hasted and slowed, very quick
A: hooves 3, thin skeletal structure 1, berserk 2, blurry vision 1, cold
resistance 1, deformed body, deterioration 1, dopey 2, speed 2, low mp 1, tough
skin 3, subdued magic 3
0: Orb of Zot
}: 3/15 runes: decaying, abyssal, gossamer
a: Potion Petition, Call Merchant, Bribe Branch, Renounce Religion


You were on level 1 of the Realm of Zot.
You worshipped Gozag.
Gozag was greatly pleased with you.
You were completely stuffed.

You visited 8 branches of the dungeon, and saw 45 of its levels.
You visited the Abyss 2 times.
You also visited: Ice Cave and Wizlab.

You collected 26791 gold pieces.
You spent 7343 gold pieces at shops.
You paid 11634 gold pieces to Gozag.

Inventory:

Hand Weapons
 a - a +9 demon trident of freezing (weapon)
 b - the +8 trident of the Octopus King {venom, rElec rPois MR+}
   (You found it on level 5 of the Dungeon)

   It poisons the flesh of those it strikes.
   It insulates you from electricity.
   It protects you from poison.
   It affects your resistance to hostile enchantments.
Missiles
 x - 25 javelins (quivered)
Armour
 i - a +5 shield (worn)
 k - the +1 cloak of Starlight (worn) {rElec rC+ EV+4 Stlth--}
   (You found it on level 2 of the Spider Nest)

   It affects your evasion (+4).
   It protects you from cold.
   It insulates you from electricity.
   It makes you much less stealthy.
 u - a +2 helmet of intelligence (worn)
 v - the +4 troll leather armour of the King (worn) {rN++ Regen+ Str+3 Int-2 Dex+2}
   (You bought it in a shop on level 1 of the Depths)

   It affects your strength (+3).
   It affects your intelligence (-2).
   It affects your dexterity (+2).
   It greatly protects you from negative energy.
   It increases your rate of regeneration.
 W - a +2 pair of gloves of dexterity (worn)
 Z - the +1 hat of Minor Irritation {rF+}
   (You found it in an ice cave)

   It protects you from fire.
Jewellery
 g - a +3 ring of evasion
 h - an uncursed ring of ice
 q - a ring of fire (right hand)
 A - a +3 ring of slaying
 B - a ring of protection from fire (left hand)
 F - an amulet of guardian spirit (around neck)
 G - an uncursed ring of protection from magic
 O - a +3 amulet of reflection
Wands
 m - a wand of paralysis (19/24)
 D - a wand of acid (9/15)
 N - a wand of paralysis (13/24)
 V - a wand of paralysis (12/24)
Scrolls
 e - 5 scrolls of fear
 j - 6 scrolls of blinking
 l - 20 scrolls of remove curse
 o - 2 scrolls of amnesia
 r - 5 scrolls of teleportation
 s - 7 scrolls of recharging
 w - 3 scrolls of summoning
 z - 19 scrolls of identify
 T - 3 scrolls of fog
Potions
 d - 7 potions of magic
 p - 5 potions of invisibility
 t - 8 potions of curing
 C - 3 potions of haste
 E - 12 potions of brilliance
 H - a potion of berserk rage
 I - a potion of agility
 K - 3 potions of flight
 L - 6 potions of ambrosia
 M - a potion of resistance
 Q - 2 potions of cancellation
Books
 y - a book of Spatial Translocations

   Spells                             Type                      Level
   a - Blink                          Translocation                2
   b - Shroud of Golubria             Charms/Translocation         2
   c - Lesser Beckoning               Translocation                3
   d - Gell's Gravitas                Translocation                3
   e - Teleport Other                 Translocation                3
   f - Passage of Golubria            Translocation                4
Miscellaneous
 n - a phantom mirror
Comestibles
 c - 9 bread rations


   Skills:
 + Level 21.0 Fighting
 - Level 14.3 Polearms
 + Level 11.5 Armour
 + Level 16.8 Dodging
 - Level 1.1 Stealth
 - Level 15.0 Shields
 - Level 4.9 Spellcasting
 - Level 12.7 Summonings
 - Level 14.2 Necromancy
 - Level 4.6 Translocations


You had 12 spell levels left.
You knew the following spells:

 Your Spells              Type           Power        Failure   Level  Hunger
a - Monstrous Menagerie   Summ           ##........   63%         7    #######
b - Blink                 Tloc           N/A          2%          2    ##.....
c - Control Undead        Necr           ###.......   1%          4    #####..
d - Death Channel         Necr           ###.......   5%          6    #######
i - Call Imp              Summ           ##......     1%          2    ##.....


Dungeon Overview and Level Annotations

Branches:
Dungeon (15/15)            Temple (0/1) D:5            Lair (6/6) D:8
  Swamp (4/4) Lair:3       Spider (4/4) Lair:3        Slime (0/5) Lair:5
    Orc (2/2) D:11            Elf (0/3) Orc:2        Vaults (4/5) D:14
  Crypt (0/3) Vaults:2     Depths (5/5) D:15            Zot (5/5) Depths:5

Altars:
Ashenzari
Cheibriados
Dithmenos
Gozag
Kikubaaqudgha
Nemelex Xobeh
Okawaru
Ru
Vehumet
Wu Jian
Xom
Yredelemnul
The Shining One
Beogh

Shops:
D:6 [=?!   D:8 *   D:13 }   D:15 [   Orc:2 ([[%[   Lair:3 [   Vaults:3 ?
Vaults:4 [!}}*   Depths:1 [   Depths:3 !   Depths:4 (::(

Portals:
Hell: Depths:1 Depths:2 Depths:3 Depths:4 Depths:5
Abyss: Depths:3 Depths:4
Pandemonium: Depths:1 Depths:3 Depths:5
Ziggurat: Depths:4
Trove: D:14 (give +6 demon trident)

Annotations:
D:6 gorpus's ghost, novice DEEE
D:14 exclusion: Roxanne, Roxanne
Swamp:4 Lernaean hydra
Depths:5 exclusions: 2 draconian stormcallers and 2 more exclusions


Innate Abilities, Weirdness & Mutations

You have hooves in place of feet.
Armour fits poorly on your strangely shaped body.
You cover ground very quickly.
You have extremely tough skin. (AC +3)
You have a somewhat thin skeletal structure. (Dex +2, Stealth)
You often lose your temper in combat.
Scrolls take you a little longer to read.
Your flesh is cold resistant. (rC+)
Your body sometimes deteriorates upon taking damage.
You are very dopey. (Int -4)
Your magical capacity is low. (-10% MP)
Your spells are much easier to cast, but much less powerful.


Message History

You kick the Orb Guardian, but do no damage.
The Orb Guardian completely misses you.
You puncture the Orb Guardian! You freeze the Orb Guardian.
You kick the Orb Guardian, but do no damage.
The Orb Guardian is lightly wounded.
You block the Orb Guardian's attack.
You puncture the Orb Guardian! You freeze the Orb Guardian.
You kick the Orb Guardian.
The Orb Guardian is moderately wounded.
You puncture the Orb Guardian! You freeze the Orb Guardian!
Your kick misses the Orb Guardian.
The Orb Guardian is severely wounded.
The Orb Guardian hits you!!
* * * LOW HITPOINT WARNING * * *
You impale the Orb Guardian!! You freeze the Orb Guardian.
You kick the Orb Guardian!
The Orb Guardian is almost dead.
The Orb Guardian hits you!!
You die...
Your body crumbles into a pile of gold.

################# ##
#...................
#...................
#...................
#...................
#....###########....
#....# #... #..X.#
#... #.$@.# #..
#.>..# #.. #....#
##. #....# #########
#....# #........
#....# #......[.
#....# #........
#..... #........
#...... #........


You could see an Orb Guardian.

Vanquished Creatures
  6 orbs of fire (Zot:5)
  2 ancient liches
  2 juggernauts
  Bai Suzhen (Spider:3)
  2 Killer Klowns (Zot:5)
  A caustic shrike (Depths:3)
  2 golden dragons
  An electric golem (Zot:5)
  Arachne (Spider:4)
  Jorgrun (Spider:4)
  2 hellephants (Abyss:3)
  5 tentacled monstrosities
  A Hell Sentinel (Abyss:3)
  3 liches
  21 Orb Guardians (Zot:5)
  2 quicksilver dragons (Zot:4)
  Asterion (Spider:4)
  2 titans
  2 death cobs
  4 sphinxes
  An Executioner (Abyss:1)
  7 tentacled starspawn
  4 storm dragons
  3 tengu reavers
  6 thorn hunters
  Kirke (Spider:3)
  Agnes (Spider:1)
  4 shadow dragons
  2 draconian monks (Zot:1)
  3 iron dragons
  5 fire giants
  6 ghost moths
  Louise (Swamp:2)
  An orc warlord (Orc:2)
  A deep elf sorcerer (Depths:2)
  11 frost giants
  Aizul (Swamp:1)
  A balrug (Depths:1)
  11 vault wardens
  A draconian knight (Zot:3)
  6 emperor scorpions
  2 draconian shifters
  An emperor scorpion (shapeshifter) (Depths:1)
  7 very ugly things
  5 ironheart preservers
  2 draconian annihilators
  A war gargoyle (Vaults:4)
  A caustic shrike skeleton (Depths:4)
  5 spriggan defenders
  24 stone giants
  3 entropy weavers
  A lorocyproca (Depths:3)
  2 vampire knights
  3 white draconians
  5 green draconians
  Azrael (Spider:3)
  2 black draconians
  2 deep elf annihilators (Depths:2)
  11 purple draconians
  12 spark wasps
  A merfolk javelineer (Depths:4)
  3 yellow draconians
  10 ettins
  A red draconian (Zot:5)
  9 statues (WizLab)
  9 fire dragons
  Josephine (D:14)
  6 great orbs of eyes
  8 yaktaur captains
  A merfolk impaler (Depths:3)
  17 hydras
  7 ice dragons
  3 rakshasas
  Erolcha (D:12)
  18 vault guards
  A monstrous demonspawn (Depths:1)
  4 ghost crabs
  7 spriggan air magi
  6 centaur warriors
  4 ogre magi
  23 two-headed ogres
  5 deep troll shamans
  12 alligators
  7 tengu warriors
  5 thrashing horrors
  3 vampire magi
  A deep elf knight (Vaults:1)
  2 orc high priests (Orc:2)
  4 spriggan berserkers (Depths:4)
  A titan zombie (Vaults:4)
  4 deep troll earth magi
  Nergalle (Lair:2)
  5 iron trolls
  A soul eater (Depths:1)
  A hell knight (Depths:3)
  6 wretched stars
  2 sixfirhies
  A spatial maelstrom (Abyss:4)
  5 flayed ghosts
  4 skeletal warriors
  3 unseen horrors
  14 deep trolls
  14 wizards
  13 swamp dragons
  3 glowing orange brains
  Pikel (D:5)
  A deep elf archer (Vaults:1)
  9 harpies (Vaults:4)
  3 phantasmal warriors
  15 orc knights
  2 harpies (shapeshifter)
  13 ironbrand convokers
  18 orb spiders
  25 deep elf magi
  5 necromancers
  50 wolf spiders
  A wolf spider zombie (D:13)
  42 ugly things
  4 manticores
  4 worldbinders
  8 orc sorcerers
  6 cyclopes
  2 rust devils (Depths:1)
  A manticore (shapeshifter) (D:9)
  Maurice (Orc:2)
  11 vault sentinels
  An ice statue (IceCv)
  3 gargoyles
  A guardian serpent (Lair:5)
  18 elephants
  9 moths of wrath
  4 torpor snails
  An apocalypse crab (Abyss:3)
  8 black mambas
  3 smoke demons
  31 spiny frogs
  A dire elephant skeleton (Abyss:3)
  40 yaktaurs
  A kobold demonologist (D:13)
  6 rime drakes
  2 komodo dragons (shapeshifter)
  9 demonic crawlers
  5 komodo dragons
  13 freezing wraiths
  A hellwing (Abyss:4)
  2 efreet (Zot:2)
  A yaktaur (shapeshifter) (Vaults:4)
  2 queen bees
  3 tengu conjurers
  7 meliai
  3 ice devils
  59 jumping spiders
  A human skeleton (Vaults:4)
  4 tyrant leeches
  A queen bee (shapeshifter) (Depths:1)
  An ancient zyme (Abyss:2)
  23 hornets
  10 trolls
  A wolf spider simulacrum (D:15)
  2 polar bears
  32 slime creatures
  A raiju (shapeshifter) (Depths:4)
  A hornet (shapeshifter) (Vaults:2)
  14 bog bodies
  9 hippogriffs
  19 blink frogs
  15 raiju
  The ghost of Narsil the Changer, an amateur OpTm (D:4)
  A spriggan (shapeshifter) (Vaults:4)
  100 redbacks
  9 spriggans
  2 shadows
  33 tarantellas
  23 starcursed masses
  A vampire (D:14)
  7 air elementals
  8 wyverns
  7 water elementals
  33 yaks
  9 wraiths
  3 ynoxinuls
  A hog (Spider:3)
  5 basilisks
  6 chaos spawn
  4 neqoxecs
  2 human simulacra
  3 fire elementals
  5 hungry ghosts
  2 steam dragons (Lair:6)
  2 death yak simulacra (IceCv)
  12 large abominations
  A steam dragon (shapeshifter) (Depths:5)
  25 vampire mosquitoes
  9 insubstantial wisps (Swamp:3)
  7 wargs
  3 acid dragons (Lair:6)
  A soldier ant (shapeshifter) (D:15)
  20 swamp worms
  30 water moccasins
  10 hell hounds
  A soldier ant (D:12)
  2 spatial vortices (Abyss:4)
  An acid dragon (shapeshifter) (Depths:4)
  A floating eye (Depths:2)
  12 ice beasts
  3 porcupines
  16 swamp drakes
  A hornet zombie (D:12)
  41 orc warriors
  2 sky beasts
  A slave (D:7)
  A meliai simulacrum (D:15)
  A necrophage (D:7)
  2 black bears
  6 boggarts
  22 ogres
  An eye of draining (D:12)
  9 centaurs
  14 crocodiles
  6 small abominations
  3 big kobolds
  A big kobold (shapeshifter) (D:13)
  16 bullfrogs
  A bullfrog (shapeshifter) (Depths:3)
  A wyvern zombie (D:10)
  A glowing shapeshifter simulacrum (Vaults:1)
  5 scorpions
  2 wyvern skeletons
  27 killer bees
  5 electric eels
  5 wights
  6 howler monkeys
  7 crimson imps
  3 centaur zombies
  5 draconian simulacra (IceCv)
  4 quasits
  A bullfrog zombie (D:13)
  7 centaur skeletons
  2 iron imps (Depths:1)
  4 bullfrog skeletons
  5 jellies
  25 orc priests
  Crazy Yiuf (D:3)
  11 hounds
  Jessica (D:3)
  2 iguanas
  Ijyb (D:4)
  38 orc wizards
  A spriggan simulacrum (IceCv)
  8 worker ants
  3 troll simulacra (IceCv)
  2 wolf simulacra (IceCv)
  2 centaur simulacra (IceCv)
  A hound skeleton (D:5)
  A howler monkey zombie (D:10)
  Robin (D:2)
  14 adders
  4 gnolls (D:5)
  A gnoll (shapeshifter) (Depths:3)
  3 naga simulacra (IceCv)
  6 ogre simulacra (IceCv)
  8 shadow imps
  15 white imps
  2 ufetubi
  3 oozes (Lair:5)
  An adder zombie (D:9)
  2 adder skeletons
  A worm (D:2)
  A dart slug (D:1)
  6 leopard geckos
  115 orcs
  A ball python (D:6)
  10 giant cockroaches
  15 goblins
  A goblin (shapeshifter) (Depths:4)
  6 hobgoblins
  10 jackals
  4 quokkas
  11 bats
  5 frilled lizards
  16 kobolds
  A quokka skeleton (D:8)
  2 rats (D:1)
  A briar patch (Swamp:2)
  A bush (Depths:1)
  A fungus (Lair:3)
  A lurking horror (Abyss:2)
  A plant (Lair:6)
  5 starspawn tentacles
2087 creatures vanquished.

Vanquished Creatures (collateral kills)
  An orb of fire (Zot:5)
  2 ancient liches (Zot:5)
  Sojobo (Vaults:2)
  A curse toe (Zot:4)
  A tentacled monstrosity (Zot:2)
  An Orb Guardian (Zot:5)
  A titan (Depths:4)
  A quicksilver dragon (Zot:4)
  2 storm dragons
  A sphinx (Vaults:4)
  A draconian monk (Depths:5)
  A tengu reaver (Vaults:3)
  A vault warden (Vaults:1)
  4 frost giants
  An iron dragon (Depths:4)
  2 draconian scorchers
  4 fire giants
  An emperor scorpion (Spider:2)
  An ironheart preserver (Vaults:3)
  2 stone giants
  A very ugly thing (Depths:4)
  3 green draconians
  2 black draconians
  3 white draconians
  2 spark wasps (Depths:5)
  2 red draconians (Zot:4)
  2 yellow draconians
  3 purple draconians
  A deep elf annihilator (Depths:4)
  An ettin (Zot:2)
  A fire dragon (Depths:5)
  2 vault guards
  3 ice dragons
  An ogre mage (Vaults:3)
  A centaur warrior (Vaults:1)
  A death knight (Vaults:1)
  2 two-headed ogres (Vaults:3)
  A deep troll earth mage (Depths:4)
  3 spriggans
  2 deep troll shamans (Depths:4)
  2 spriggan berserkers (Depths:5)
  3 iron trolls
  A skeletal warrior (Vaults:2)
  7 deep trolls
  A flayed ghost (Depths:4)
  An unseen horror (Vaults:1)
  A tengu zombie (Vaults:4)
  2 ugly things (D:15)
  A deep elf mage (Vaults:1)
  A shadow dragon skeleton (Depths:4)
  A human skeleton (Vaults:4)
  A moth of wrath (Zot:3)
  An iron dragon skeleton (Depths:4)
  A stone giant skeleton (Vaults:4)
  A vault sentinel (Vaults:3)
  A black mamba (Lair:6)
  9 yaktaurs
  A rime drake (shapeshifter) (Vaults:4)
  2 efreet (Zot:2)
  A freezing wraith (Abyss:2)
  4 trolls (Zot:2)
  A hornet (shapeshifter) (Vaults:3)
  A raiju (Abyss:2)
  4 hornets
  A redback (Spider:3)
  A golden eye (shapeshifter) (Vaults:2)
  5 orc warriors
  4 ogres
  A gnoll (shapeshifter) (Depths:3)
  A leopard gecko (D:8)
  2 orcs
  A plant (Lair:6)
132 creatures vanquished.

Vanquished Creatures (others)
  2 tentacled monstrosities (Zot:2)
  3 Orb Guardians (Zot:5)
  A titan (Zot:2)
  A sphinx (Vaults:3)
  A vault warden (Vaults:4)
  A draconian knight (Zot:1)
  A fire giant (Zot:2)
  5 stone giants
  3 ironheart preservers
  An entropy weaver (Vaults:4)
  2 green draconians (Zot:1)
  A white draconian (Zot:5)
  A yellow draconian (Zot:2)
  An ettin (Zot:2)
  2 great orbs of eyes
  2 yaktaur captains
  A hydra (Swamp:4)
  A centaur warrior (Vaults:1)
  2 ogre magi (Vaults:1)
  5 two-headed ogres (Vaults:1)
  A skeletal warrior (Vaults:2)
  An iron troll (Zot:2)
  11 yaktaurs
  A flayed ghost (Vaults:3)
  2 orc knights
  A harpy (Vaults:4)
  An ugly thing (Vaults:3)
  A deep elf mage (WizLab)
  A cyclops (Vaults:2)
  5 moths of wrath
  A vault sentinel (Vaults:3)
  An efreet (Zot:2)
  A freezing wraith (Vaults:1)
  A jumping spider (Spider:3)
  A tyrant leech (Swamp:3)
  A slime creature (Vaults:3)
  A tarantella (Spider:2)
  A wraith (Vaults:1)
  An orc simulacrum (Vaults:2)
  4 humans (Spider:3)
  An acid dragon (Vaults:1)
  2 orc warriors (Vaults:3)
  8 ogres
  A boggart (Depths:2)
  A killer bee (Abyss:3)
  3 orcs
  4 briar patches (Swamp:2)
  3 bushes (Depths:1)
  25 fungi
  76 plants
  13 starspawn tentacles
212 creatures vanquished.

Grand Total: 2431 creatures vanquished

Notes
Turn   | Place    | Note
-------+----------+-------------------------------------------
     0 | D:1      | EvilAshe the Centaur Monk began the quest for the Orb.
     0 | D:1      | Reached XP level 1. HP: 19/19 MP: 1/1
   232 | D:1      | Reached XP level 2. HP: 25/26 MP: 2/2
   464 | D:1      | Found a shattered altar of Ashenzari.
  1071 | D:2      | Reached XP level 3. HP: 29/31 MP: 3/3
  1243 | D:2      | Noticed Robin
  1255 | D:2      | Killed Robin
  1769 | D:2      | Reached XP level 4. HP: 39/39 MP: 4/4
  1900 | D:2      | Found an opulent altar of Gozag.
  1901 | D:2      | Found a snail-covered altar of Cheibriados.
  1943 | D:2      | Became a worshipper of Gozag Ym Sagoz the Greedy
  2157 | D:3      | Found a shattered altar of Ashenzari.
  2227 | D:3      | Found a radiant altar of Vehumet.
  2462 | D:3      | Found a faded altar of an unknown god.
  2555 | D:3      | Noticed Jessica
  2562 | D:3      | Killed Jessica
  2562 | D:3      | Reached skill level 4 in Fighting
  2622 | D:3      | Found a runed door.
  2626 | D:3      | Noticed Crazy Yiuf
  2632 | D:3      | Killed Crazy Yiuf
  2632 | D:3      | Reached XP level 5. HP: 32/46 MP: 5/5
  2695 | D:3      | Found an ornate altar of the Wu Jian Council.
  2998 | D:4      | Noticed Narsil's ghost (amateur OpTm)
  3044 | D:4      | Killed Narsil's ghost
  3044 | D:4      | Reached skill level 5 in Polearms
  3044 | D:4      | Reached XP level 6. HP: 29/53 MP: 6/6
  3271 | D:4      | Found an iron altar of Okawaru.
  3591 | D:4      | Found a shadowy altar of Dithmenos.
  3652 | D:4      | Noticed Ijyb
  3750 | D:4      | Killed Ijyb
  3932 | D:4      | Reached XP level 7. HP: 49/60 MP: 7/7
  4053 | D:4      | Reached skill level 5 in Fighting
  4123 | D:5      | Entered Level 5 of the Dungeon
  4127 | D:5      | Learned a level 2 spell: Call Imp
  4563 | D:5      | Reached skill level 1 in Summonings
  5078 | D:5      | Found a staircase to the Ecumenical Temple.
  5292 | D:6      | Found a sacrificial altar of Ru.
  5388 | D:6      | Found Voameno's Magic Scroll Shoppe.
  5396 | D:6      | Bought a scroll of blinking for 97 gold pieces
  5396 | D:6      | Bought a scroll of fear for 45 gold pieces
  5530 | D:6      | Noticed gorpus's ghost (novice DEEE)
  6056 | D:6      | Found Susivegi's Jewellery Boutique.
  6163 | D:6      | Found Ifunt's Armour Shop.
  6229 | D:6      | Found Poecuent's Distillery.
  6251 | D:6      | Found a sparkling altar of Nemelex Xobeh.
  6334 | D:6      | Reached XP level 8. HP: 57/69 MP: 8/8
  7568 | D:7      | Reached skill level 6 in Fighting
  7846 | D:7      | Noticed Pikel
  8342 | D:5      | Killed Pikel
  8342 | D:5      | Reached XP level 9. HP: 37/77 MP: 2/9
  9682 | D:8      | Reached skill level 5 in Dodging
  9690 | D:8      | Found Wosankyt's Assorted Antiques.
  9870 | D:8      | Found a shimmering altar of Xom.
 10167 | D:8      | Found a glowing golden altar of the Shining One.
 10236 | D:8      | Found a staircase to the Lair.
 10253 | D:8      | Reached skill level 7 in Fighting
 10988 | D:9      | Reached XP level 10. HP: 78/85 MP: 7/10
 11013 | D:9      | Noticed a centaur warrior
 11020 | D:9      | Killed a centaur warrior
 11020 | D:9      | Reached skill level 5 in Summonings
 11194 | D:9      | Found an iron altar of Okawaru.
 11247 | D:9      | Noticed a wizard
 11250 | D:9      | Noticed a gargoyle
 11577 | D:9      | Noticed a red ugly thing
 11637 | D:9      | Killed a wizard
 11671 | D:9      | Reached skill level 8 in Fighting
 12126 | D:9      | Reached skill level 10 in Polearms
 12141 | D:9      | Noticed a manticore
 12141 | D:9      | a merfolk changed into a manticore
 12150 | D:9      | Killed a manticore
 12150 | D:9      | Reached skill level 1 in Shields
 12342 | D:9      | Killed a gargoyle
 12589 | D:9      | Killed a red ugly thing
 12700 | D:10     | Entered Level 10 of the Dungeon
 12843 | D:10     | Reached XP level 11. HP: 94/94 MP: 11/11
 13459 | D:10     | Noticed a two-headed ogre
 13466 | D:10     | Killed a two-headed ogre
 13520 | D:10     | You fall through a shaft!
 13679 | D:11     | Noticed a two-headed ogre
 13699 | D:11     | Killed a two-headed ogre
 13802 | D:11     | Noticed a green ugly thing
 13819 | D:11     | Killed a green ugly thing
 14140 | D:10     | Reached skill level 9 in Fighting
 14181 | D:10     | Found a sparkling altar of Nemelex Xobeh.
 15125 | D:11     | Found a staircase to the Orcish Mines.
 15601 | D:12     | Noticed a purple ugly thing
 15637 | D:12     | Killed a purple ugly thing
 16156 | D:12     | Noticed Erolcha
 16163 | D:12     | Killed Erolcha
 16163 | D:12     | Reached XP level 12. HP: 74/104 MP: 9/12
 17171 | Lair:1   | Entered Level 1 of the Lair of Beasts
 17620 | Lair:1   | Reached skill level 10 in Fighting
 18492 | Lair:2   | Noticed Nergalle
 18508 | Lair:2   | Killed Nergalle
 19187 | Lair:3   | Found a hole to the Spider Nest.
 19530 | Lair:3   | Reached skill level 5 in Shields
 19548 | Lair:3   | Found a staircase to the Swamp.
 19848 | Lair:3   | Bought a pair of embroidered gloves for 210 gold pieces
 19848 | Lair:3   | Bought a glowing leather armour for 140 gold pieces
 19888 | Lair:3   | Bought a runed leather armour for 140 gold pieces
 20098 | Lair:4   | Found a frozen archway.
 20117 | IceCv    | Entered an ice cave
 20711 | IceCv    | Reached XP level 13. HP: 114/114 MP: 13/13
 21737 | IceCv    | Found an ancient bone altar of Kikubaaqudgha.
 22601 | IceCv    | Got a smoking hat
 22602 | IceCv    | Identified the +1 hat of Minor Irritation {rF+} (You found it in an ice cave)
 23306 | Lair:4   | Reached skill level 11 in Fighting
 24385 | Lair:5   | Found a staircase to the Slime Pits.
 25195 | Lair:6   | Entered Level 6 of the Lair of Beasts
 25870 | Lair:6   | Reached XP level 14. HP: 115/124 MP: 14/14
 25874 | Lair:6   | Learned a level 2 spell: Blink
 25941 | Lair:6   | Reached skill level 1 in Translocations
 27799 | Lair:6   | Reached skill level 12 in Fighting
 29198 | Orc:1    | Entered Level 1 of the Orcish Mines
 29198 | Orc:1    | Noticed a stone giant
 29483 | D:11     | Killed a stone giant
 29757 | Orc:2    | Entered Level 2 of the Orcish Mines
 29757 | Orc:2    | Found Eseiss's Antique Armour Emporium.
 30116 | Orc:2    | Found a roughly hewn altar of Beogh.
 30148 | Orc:2    | Found a staircase to the Elven Halls.
 30152 | Orc:2    | Found a roughly hewn altar of Beogh.
 30195 | Orc:2    | Found Fuerin's Food Boutique.
 30234 | Orc:2    | Found a roughly hewn altar of Beogh.
 30476 | Orc:2    | Found a roughly hewn altar of Beogh.
 30614 | Orc:2    | Found a roughly hewn altar of Beogh.
 30677 | Orc:2    | Found a roughly hewn altar of Beogh.
 30704 | Orc:2    | Found Nuacos's Antique Armour Shoppe.
 30710 | Orc:2    | Bought a runed shield for 195 gold pieces
 30710 | Orc:2    | Bought a shiny helmet for 195 gold pieces
 30861 | Orc:2    | Found a roughly hewn altar of Beogh.
 31027 | Orc:2    | Noticed an orc warlord
 31307 | Orc:2    | Killed an orc warlord
 31372 | Orc:2    | Found Guavy's Antique Armour Emporium.
 31385 | Orc:2    | Found a roughly hewn altar of Beogh.
 31393 | Orc:2    | Found Foydeawk's Antique Weapon Shoppe.
 31497 | Orc:2    | Noticed Maurice
 31507 | Orc:2    | Killed Maurice
 31676 | Orc:1    | Reached XP level 15. HP: 59/134 MP: 11/15
 32469 | D:13     | Found Pianobro's Gadget Boutique.
 32787 | D:13     | Reached skill level 10 in Dodging
 33206 | D:14     | Noticed Josephine
 33224 | D:14     | Killed Josephine
 33799 | D:14     | Learned a level 4 spell: Control Undead
 33818 | D:14     | Learned a level 6 spell: Death Channel
 33943 | D:14     | Found a portal to a secret trove of treasure.
 34401 | D:14     | Reached skill level 1 in Necromancy
 34476 | D:14     | Noticed Roxanne
 34880 | D:14     | Found a gate to the Vaults.
 35333 | D:15     | Entered Level 15 of the Dungeon
 35503 | D:15     | Reached skill level 13 in Fighting
 35694 | D:15     | Reached skill level 10 in Shields
 35796 | D:15     | Found a staircase to the Depths.
 37107 | Swamp:1  | Entered Level 1 of the Swamp
 37654 | Swamp:1  | Noticed Aizul
 37676 | Swamp:1  | Killed Aizul
 37689 | Swamp:1  | Reached XP level 16. HP: 127/144 MP: 16/16
 37702 | Swamp:1  | Found a shadowy altar of Dithmenos.
 38803 | Swamp:2  | Noticed a thorn hunter
 38851 | Swamp:2  | Killed a thorn hunter
 39182 | Swamp:2  | Noticed a thorn hunter
 39199 | Swamp:2  | Killed a thorn hunter
 39338 | Swamp:2  | Noticed Louise
 39373 | Swamp:2  | Killed Louise
 39907 | Swamp:3  | Noticed a thorn hunter
 40243 | Swamp:3  | Killed a thorn hunter
 40243 | Swamp:3  | Reached skill level 5 in Necromancy
 40650 | Swamp:3  | Noticed a thorn hunter
 40660 | Swamp:3  | Killed a thorn hunter
 41327 | Swamp:4  | Entered Level 4 of the Swamp
 41547 | Swamp:4  | Noticed a thorn hunter
 41565 | Swamp:4  | Killed a thorn hunter
 42394 | Swamp:4  | Reached skill level 14 in Fighting
 43270 | Swamp:4  | Noticed the 27-headed Lernaean hydra
 43369 | Swamp:4  | Got a decaying rune of Zot
 43424 | Swamp:4  | Noticed a thorn hunter
 43441 | Swamp:4  | Reached XP level 17. HP: 107/152 MP: 17/17
 44216 | Spider:1 | Entered Level 1 of the Spider Nest
 44320 | Spider:1 | Noticed Agnes
 44340 | Spider:1 | Killed Agnes
 48785 | Spider:3 | Noticed Azrael
 48817 | Spider:3 | Noticed Kirke
 49365 | Spider:3 | Noticed Bai Suzhen
 49412 | Spider:3 | Killed Bai Suzhen
 49716 | Spider:3 | Killed Azrael
 50114 | Spider:3 | Killed Kirke
 50426 | Spider:4 | Entered Level 4 of the Spider Nest
 50642 | Spider:3 | Reached XP level 18. HP: 112/162 MP: 18/18
 50885 | Spider:4 | Noticed Jorgrun
 50972 | Spider:4 | Killed Jorgrun
 50972 | Spider:4 | Reached skill level 15 in Fighting
 51129 | Spider:4 | Noticed Arachne
 51386 | Spider:4 | Killed Arachne
 51759 | Spider:4 | Noticed Asterion
 52749 | Spider:4 | Killed Asterion
 57212 | Spider:4 | Got a gossamer rune of Zot
 57725 | Vaults:1 | Entered Level 1 of the Vaults
 58833 | Vaults:1 | Reached XP level 19. HP: 162/172 MP: 19/19
 59235 | Vaults:1 | Reached skill level 10 in Necromancy
 59906 | Vaults:1 | Reached skill level 16 in Fighting
 61032 | Vaults:2 | Paralysed by a hornet for 3 turns
 61191 | Vaults:2 | Found a staircase to the Crypt.
 61191 | Vaults:2 | Found a basalt altar of Yredelemnul.
 61192 | Vaults:2 | Found an ancient bone altar of Kikubaaqudgha.
 61751 | Vaults:3 | Noticed Sojobo
 61805 | Vaults:2 | Killed Sojobo
 63820 | Vaults:3 | Found Xydiapn's Magic Scroll Shoppe.
 63870 | Vaults:3 | Bought a scroll of brand weapon for 200 gold pieces
 63870 | Vaults:3 | Bought a scroll of teleportation for 30 gold pieces
 63871 | Vaults:3 | Bought a scroll of fear for 35 gold pieces
 63871 | Vaults:3 | Bought a scroll of fog for 20 gold pieces
 64521 | Vaults:4 | Reached XP level 20. HP: 157/182 MP: 17/20
 64658 | Vaults:4 | Found Plog's Distillery.
 64662 | Vaults:4 | Bought a potion of heal wounds for 105 gold pieces
 64662 | Vaults:4 | Bought a potion of haste for 210 gold pieces
 64662 | Vaults:4 | Bought a potion of resistance for 210 gold pieces
 64662 | Vaults:4 | Bought 2 potions of might for 168 gold pieces
 64662 | Vaults:4 | Bought a potion of invisibility for 168 gold pieces
 64952 | Vaults:4 | Found Juguilat's Assorted Antiques.
 64961 | Vaults:4 | Bought 2 potions of haste for 560 gold pieces
 64961 | Vaults:4 | Bought a scroll of blinking for 210 gold pieces
 64963 | Vaults:4 | Bought a scroll of enchant armour for 210 gold pieces
 65118 | Vaults:4 | Reached skill level 15 in Shields
 65143 | Vaults:4 | Found Tedau's Gadget Boutique.
 65574 | Vaults:4 | Identified the +1 leather armour "Kasytadgh" {*Contam rElec rC+ Int+5} (You found it on level 4 of the Vaults)
 65663 | Vaults:4 | Found Harch's Gadget Shoppe.
 65893 | Vaults:4 | Found Fuoniho's Armour Shop.
 66659 | Vaults:4 | Reached skill level 17 in Fighting
 66943 | Depths:1 | Entered Level 1 of the Depths
 67095 | Depths:1 | Bought the +4 troll leather armour of the King {rN++ Regen+ Str+3 Int-2 Dex+2} for 764 gold pieces
 67462 | Depths:1 | Found a gateway to Hell.
 68003 | Depths:1 | Reached skill level 1 in Spellcasting
 68014 | Depths:1 | Found a one-way gate leading to the halls of Pandemonium.
 68791 | Depths:2 | Paralysed by an orc sorcerer for 2 turns
 68915 | Depths:2 | Reached XP level 21. HP: 162/192 MP: 18/23
 70304 | Depths:3 | Found a magical portal.
 70304 | Depths:3 | Found a one-way gate to the infinite horrors of the Abyss.
 70313 | WizLab   | Entered Iskenderun's Mystic Tower
 71206 | WizLab   | Identified the Papyrus of Sinister Transformation
 71259 | WizLab   | Identified Iskenderun's Reference Book on Attacks
 71259 | WizLab   | Identified Iskenderun's Almanac of Attacks
 71690 | Depths:3 | Noticed a caustic shrike
 71722 | Depths:3 | Killed a caustic shrike
 71824 | Depths:3 | Cast into level 4 of the Abyss (a lich)
 71912 | Abyss:4  | Gained mutation: Your spells are a little easier to cast, but a little less powerful. [a neqoxec]
 71974 | Abyss:4  | Reached skill level 18 in Fighting
 72001 | Abyss:4  | Noticed an ancient lich
 72028 | Abyss:4  | Found a sacrificial altar of Ru.
 72085 | Abyss:4  | Gained mutation: Your spells are easier to cast, but less powerful. [a neqoxec]
 72206 | Depths:3 | Escaped the Abyss
 72613 | Depths:3 | Noticed a juggernaut
 72632 | Depths:3 | Killed a juggernaut
 72708 | Depths:3 | Reached XP level 22. HP: 166/201 MP: 21/29
 73225 | Depths:3 | Learned a level 7 spell: Monstrous Menagerie
 73873 | Depths:4 | Found a gateway to a ziggurat.
 73873 | Depths:4 | Paralysed by a floating eye for 4 turns
 73898 | Depths:4 | Found Ipomo's Weapon Boutique.
 73901 | Depths:4 | Found Decsoad's Book Shop.
 73901 | Depths:4 | Found Ziyda's Book Boutique.
 73910 | Depths:4 | Found Xisk's Antique Weapon Shop.
 73913 | Depths:4 | Bought a manual of Armour for 2539 gold pieces
 73997 | Depths:4 | Noticed a juggernaut
 74067 | Depths:4 | Killed a juggernaut
 74067 | Depths:4 | Reached skill level 1 in Armour
 74364 | Depths:4 | Paralysed by a floating eye for 2 turns
 74402 | Depths:4 | Paralysed by a floating eye for 2 turns
 74410 | Depths:4 | Paralysed by a floating eye for 3 turns
 74416 | Depths:4 | Paralysed by a floating eye for 3 turns
 74422 | Depths:4 | Paralysed by a floating eye for 4 turns
 74956 | Depths:4 | Reached skill level 15 in Dodging
 74956 | Depths:4 | Reached skill level 10 in Summonings
 74970 | Depths:4 | Paralysed by fainting for 12 turns
 74990 | Depths:4 | Paralysed by fainting for 10 turns
 75399 | Depths:5 | Entered Level 5 of the Depths
 75583 | Depths:5 | Reached skill level 5 in Armour
 75906 | Depths:5 | Found a gate to the Realm of Zot.
 76716 | Orc:2    | Bought a bread ration for 70 gold pieces
 76716 | Orc:2    | Bought a bread ration for 70 gold pieces
 76716 | Orc:2    | Bought a bread ration for 70 gold pieces
 76716 | Orc:2    | Bought a bread ration for 70 gold pieces
 76990 | Depths:3 | Bought a potion of haste for 120 gold pieces
 76990 | Depths:3 | Bought a potion of invisibility for 96 gold pieces
 76990 | Depths:3 | Bought a potion of curing for 36 gold pieces
 76990 | Depths:3 | Bought a potion of magic for 96 gold pieces
 76990 | Depths:3 | Bought a potion of curing for 36 gold pieces
 76990 | Depths:3 | Bought a potion of magic for 96 gold pieces
 76990 | Depths:3 | Bought a potion of invisibility for 96 gold pieces
 76990 | Depths:3 | Bought a potion of curing for 36 gold pieces
 76992 | Depths:3 | Voluntarily entered the Abyss.
 77086 | Abyss:1  | Reached skill level 19 in Fighting
 77086 | Abyss:1  | Reached XP level 23. HP: 146/209 MP: 23/30
 77130 | Abyss:2  | Found a corrupted altar of Lugonu.
 77425 | Abyss:3  | Found a corrupted altar of Lugonu.
 77505 | Abyss:3  | Got an abyssal rune of Zot
 77641 | Abyss:3  | Gained mutation: Your flesh is cold resistant. (rC+) [a neqoxec]
 78240 | Depths:3 | Escaped the Abyss
 78406 | Zot:1    | Entered Level 1 of the Realm of Zot
 79955 | Zot:5    | Entered Level 5 of the Realm of Zot
 80563 | Zot:5    | Noticed an ancient lich
 80564 | Zot:5    | Noticed an ancient lich
 80618 | Zot:5    | Killed an ancient lich
 80647 | Zot:5    | Killed an ancient lich
 80651 | Zot:5    | Noticed an orb of fire
 80655 | Zot:5    | Noticed an ancient lich
 80660 | Zot:5    | Gained mutation: You tend to lose your temper in combat. [an orb of fire]
 80851 | Zot:4    | Killed an ancient lich
 80851 | Zot:4    | Reached XP level 24. HP: 150/219 MP: 21/30
 80951 | Zot:5    | Gained mutation: Your spells are much easier to cast, but much less powerful. [an orb of fire]
 80956 | Zot:5    | Gained mutation: Scrolls take you a little longer to read. [an orb of fire]
 81736 | Zot:4    | Reached skill level 10 in Armour
 81805 | Zot:4    | Reached skill level 20 in Fighting
 82221 | Zot:5    | Noticed an orb of fire
 82243 | Zot:5    | Gained mutation: You often lose your temper in combat. [an orb of fire]
 82555 | Zot:5    | Gained mutation: You are dopey. (Int -2) [an orb of fire]
 82581 | Zot:5    | Killed an orb of fire
 82980 | Zot:5    | Noticed an orb of fire
 82991 | Zot:5    | Noticed an orb of fire
 82995 | Zot:5    | Gained mutation: Your magical capacity is low. (-10% MP) [an orb of fire]
 82999 | Zot:5    | Killed an orb of fire
 83004 | Zot:5    | Gained mutation: You are very dopey. (Int -4) [an orb of fire]
 83009 | Zot:5    | Gained mutation: Your magical capacity is very low. (-20% MP) [an orb of fire]
 83010 | Zot:5    | Killed an orb of fire
 83072 | Zot:5    | Noticed an orb of fire
 83127 | Zot:5    | Gained mutation: Your body sometimes deteriorates upon taking damage. [an orb of fire]
 83128 | Zot:5    | Lost mutation: Your magical capacity is very low. (-20% MP) [an orb of fire]
 83134 | Zot:5    | Lost mutation: Your body sometimes deteriorates upon taking damage. [an orb of fire]
 83151 | Zot:5    | Killed an orb of fire
 83282 | Zot:5    | Noticed an orb of fire
 83293 | Zot:5    | Gained mutation: Your body sometimes deteriorates upon taking damage. [an orb of fire]
 83295 | Zot:5    | Gained mutation: You have a somewhat thin skeletal structure. (Dex +2, Stealth) [an orb of fire]
 83298 | Zot:5    | Killed an orb of fire
 83311 | Zot:5    | Killed an orb of fire
 83399 | Zot:5    | Noticed an ancient lich
 83429 | Zot:5    | Killed an ancient lich
 83616 | Zot:5    | Noticed an orb of fire
 83693 | Zot:5    | Killed an orb of fire
 83949 | Zot:5    | Reached XP level 25. HP: 234/234 MP: 26/27
 84326 | Zot:5    | Got the Orb of Zot
 84597 | Zot:1    | Reached skill level 21 in Fighting
 84602 | Zot:1    | HP: 5/235 [Orb Guardian (22)]
 84603 | Zot:1    | Demolished by an Orb Guardian

Vault maps used:
D:1:      lightli_iron_boxes, nicolae_ashenzari_panopticon
D:2:      gammafunk_temple_overflow_pools, uniq_robin
D:3:      nicolae_overflow_hidden_temple, lemuel_round_altar, vehumet_crystals,
          chequers_ecumenical_altar_simple_redux, uniq_jessica,
          uniq_crazy_yiuf_cottage
D:4:      marbit_many_paths, first_bread, grunt_dithmenos_shadows, uniq_ijyb
D:5:      minmay_temple_entry_nine_rooms, wad_rectangle_vault
D:6:      lemuel_doored_altar, lemuel_crystal_altar, serial_shops,
          nicolae_shop_stone, shop, shop_statue, shop
D:7:      uniq_pikel
D:8:      kennysheep_little_box, dpeg_oklobed_lair, serial_shops, shop,
          basic_altar, grunt_ogre_cave
D:9:      hangedman_cross_veins, kennysheep_okawaru_gauntlet
D:10:     special_room, nemelex_diamond_rough_becter
D:11:     hiddenorc2_lemuel
D:12:     st_stairs_5, uniq_erolcha
D:13:     serial_shops, shop
D:14:     erik_vaults_2, solitary_fountain, trove_entry_hex_spiral,
          minmay_misc_feat_room, uniq_josephine, uniq_roxanne
D:15:     grunt_enter_depths_magical_seal, serial_park_tiny_pond
Lair:1:   serial_bayou_pond_b
Lair:2:   st_stairs_12, uniq_nergalle
Lair:3:   minmay_swamp_entry_reptiles, spider_nest_entry_funnel_web
Lair:4:   beast_lair_carwin_large_4, portal_ice_cave_demonic_guard,
          lemuel_fruit_tree
Lair:5:   nicolae_slime_entry_slimehenge, grunt_megastairs_5
Lair:6:   hangedman_lair_tendril_chambers, guppyfry_lair_end_dragon
Swamp:1:  nicolae_swamp_godswood, uniq_aizul
Swamp:2:  serial_swamp_ruin, evilmike_swamp_ruin_rubble_2,
          evilmike_swamp_ruin_house_4, swamp_pool4,
          nicolae_swamp_alligator_family, uniq_louise
Swamp:3:  infiniplex_staircase_pool, swamp_pool1
Swamp:4:  grunt_swamp_rune_castle
Spider:1: uniq_agnes
Spider:3: uniq_kirke, uniq_azrael, uniq_bai_suzhen
Spider:4: guppyfry_spider_rune, spider_trap, uniq_arachne, uniq_asterion,
          uniq_jorgrun
Orc:1:    minmay_goldmine
Orc:2:    grunt_orc_community_town_hall, grunt_orc_community_big_house_2,
          grunt_orc_community_big_house_1, grunt_orc_community_house_2,
          grunt_orc_community_house_2, grunt_orc_community_house_2,
          grunt_orc_community_house_2, grunt_orc_community_house_2,
          grunt_orc_community_house_2, basic_altar, serial_shops,
          shop_fountains, lightli_orcish_oven, uniq_maurice
Vaults:1: dpeg_vaults_monster_box, nicolae_vaults_specimen_jars, v_rooms_1,
          nicolae_vaults_triangles, vaults_standard_mumra_enter_the_diamond,
          ontoclasm_vaults_chip, nicolae_vaults_border_crossing,
          ontoclasm_vaults_pinch, vaults_dpeg_ring
Vaults:2: vaults_dpeg_diagonal, ontoclasm_vaults_tryst,
          minmay_crypt_entry_necro_gods, dpeg_vaults_monster_row,
          ontoclasm_vaults_ring_small, grunt_vaults_funnel,
          nicolae_vaults_asterisk, grunt_vaults_twisty,
          hangedman_vaults_capsules, v_misc_18, hangedman_vaults_corner_blocks
Vaults:3: vaults_room_mumra_shop_pool, vaults_mumra_chevron,
          nicolae_vaults_alarming, hangedman_vaults_impose,
          nicolae_vaults_an_arrangement, v_misc_17, nicolae_vaults_shelves_hall,
          nicolae_vaults_circle_grid_b, grunt_vaults_diagonal,
          nicolae_vaults_theta, grunt_vaults_hallway_short,
          nicolae_vaults_network_star, nicolae_vaults_ring_of_whatevers,
          vaults_dpeg_hooks, uniq_sojobo
Vaults:4: grunt_vaults_focal, vaults_room_pools, ontoclasm_vaults_idyll,
          nicolae_vaults_meeting, v_pattern_5, ontoclasm_vaults_eye, v_misc_13,
          ontoclasm_vaults_gateway, vaults_mumra_minichess, serial_shops,
          nicolae_shop_overgrown_old_shop, nicolae_shop_statue_plus, shop_coins,
          shop, nicolae_shop_waterfront
Depths:1: grunt_pan_entry_in_and_out, hangedman_abyss_or_decor_clamps,
          grunt_hell_entry_dis_mu, kennysheep_boxes, serial_bayou_shore_a
Depths:2: minmay_tri_stars, minmay_misc_feat_diagonals, hangedman_coc_ice_floe
Depths:3: minmay_blocking_statues, hell_entry, mu_enter_wizlab_5, pan_entry,
          abyss_entry, serial_bayou_ford_a
Depths:4: evilmike_diamond_2, enter_ziggurat_c, hangedman_tar_grid_catacomb,
          abyss_entry, kennysheep_small_spiral, minmay_misc_feat_more_columns,
          minmay_shoptagon, infiniplex_staircase_x
Depths:5: evilmike_zot_entry_argh, hangedman_abyss_or_decor_stagger, pan_entry,
          hell_entry, grunt_decor_arrowhead
Zot:2:    lemuel_halls_of_wrath
Abyss:2:  hangedman_abyss_feature_spike, onia_ninara_dug_in_and_dangerous
Abyss:4:  evilmike_nicolae_abyss_rune_betentacled_crabyss,
          hangedman_abyss_or_decor_slice
IceCv:    ice_cave_small_necro
WizLab:   wizlab_iskenderun

Skill      XL: |  1  2  3  4  5  6  7  8  9 10 11 12 13 14 15 16 17 18 19 20 21 22 23 24 25 |
---------------+----------------------------------------------------------------------------+-----
Polearms       | 3 4 5 6 7 9 10 11 13 14 | 14.3
Fighting       | 4 5 6 7 8 9 10 11 12 13 14 15 16 17 18 19 20 21 | 21.0
Dodging        | 3 4 5 6 7 8 9 10 11 12 13 14 15 16 | 16.8
Summonings     | 2 3 4 5 6 8 10 12 | 12.7
Shields        | 1 3 5 6 8 10 11 13 14 15 | 15.0
Translocations | 4 |  4.6
Necromancy     | 3 6 8 9 11 12 14 | 14.2
Spellcasting   | 1 4 |  4.9
Armour         | 6 9 11 | 11.5
Stealth        | |  1.1

Action                   |  1- 3 |  4- 6 |  7- 9 | 10-12 | 13-15 | 16-18 | 19-21 | 22-24 | 25-27 || total
-------------------------+-------+-------+-------+-------+-------+-------+-------+-------+-------++-------
Melee: Spear             |   134 |   102 |       |       |       |       |       |       |       ||   236
       Kick              |    16 |    43 |   118 |   208 |   754 |  1000 |   918 |   785 |    38 ||  3880
       Trident           |       |    81 |   500 |   882 |  2386 |  2614 |    16 |     7 |       ||  6486
       Demon trident     |       |       |       |       |       |   214 |  2488 |  1911 |    71 ||  4684
 Fire: Shortbow          |       |       |    18 |       |       |       |       |       |       ||    18
Throw: Tomahawk          |       |     2 |     3 |       |       |       |       |       |       ||     5
       Javelin           |       |    16 |    31 |    14 |    43 |    18 |     6 |     7 |       ||   135
 Cast: Call Imp          |       |       |    20 |     2 |    80 |    30 |    26 |       |       ||   158
       Blink             |       |       |       |       |       |     1 |       |       |       ||     1
       Control Undead    |       |       |       |       |       |       |     3 |     4 |       ||     7
       Death Channel     |       |       |       |       |       |       |     3 |    46 |       ||    49
       Monstrous Menager |       |       |       |       |       |       |       |     1 |       ||     1
Invok: Potion Petition   |       |     1 |       |       |       |       |       |     5 |       ||     6
       Call Merchant     |       |       |       |     1 |       |       |     1 |     1 |       ||     3
       Bribe Branch      |       |       |       |       |       |     1 |       |     1 |       ||     2
Evoke: Wand              |       |       |       |     8 |     4 |     2 |       |       |       ||    14
  Use: Scroll            |       |     8 |     3 |    17 |     9 |    12 |    15 |    14 |       ||    78
       Potion            |       |       |       |     7 |     4 |    17 |     5 |    11 |     4 ||    48
 Stab: Sleeping          |     2 |     2 |     9 |    13 |     2 |     4 |       |       |       ||    32
       Paralysed         |       |       |       |     4 |       |       |       |     1 |       ||     5
       Distracted        |       |       |       |     8 |    21 |    24 |    29 |    42 |       ||   124
       Invisible         |       |       |       |       |     5 |     7 |       |     4 |       ||    16
  Eat: Chunk             |     2 |     1 |       |       |       |       |       |       |       ||     3
       Royal jelly       |       |     2 |     1 |     2 |    10 |     4 |       |     3 |       ||    22
       Fruit             |       |       |     3 |     3 |    15 |       |     5 |       |       ||    26
       Meat ration       |       |       |     4 |     6 |     5 |     5 |     3 |     3 |       ||    26
       Bread ration      |       |       |       |       |       |     7 |     7 |    10 |     1 ||    25
Armor: Robe              |    35 |    58 |   139 |   110 |       |       |       |       |       ||   342
       Skin              |       |       |       |    31 |       |       |       |       |       ||    31
       Leather armour    |       |       |       |    15 |   267 |   362 |    60 |       |       ||   704
       Troll leather arm |       |       |       |       |       |       |    60 |   143 |     6 ||   209
Dodge: Dodged            |    60 |    63 |   209 |   221 |   634 |  1375 |   644 |   570 |    52 ||  3828
Block: Shield            |       |       |       |   190 |   687 |  1363 |   851 |   752 |    53 ||  3896
